 Dungeon Crawl Stone Soup version 0.32-a0-290-g598725c5f2 (webtiles) character file.

Game seed: 13636187225436272420

4 Dittersdorf the Shield-Bearer (level 1, 0/14 HPs)
             Began as a Gargoyle Fighter on Feb 13, 2024.
             Frozen to death by an endoplasm (4 damage)
             ... on level 1 of the Dungeon.
             The game lasted 00:00:09 (92 turns).

Dittersdorf the Shield-Bearer (Gargoyle Fighter)      Turns: 92, Time: 00:00:10

Health: 0/14       AC:  9    Str: 19    XL:     1   Next: 70%
Magic:  1/1        EV:  9    Int:  8    God:
Gold:   0          SH:  4    Dex:  9    Spells: 0/0 levels left

rFire   . . .        a - +0 flail
rCold   . . .        c - +0 buckler
rNeg    + . .        b - +0 scale mail
rPois   ∞            (no helmet)
rElec   +            (no cloak)
rCorr   .            (no gloves)
SInv    .            (no boots)
Will    .....        (no amulet) Stlth
                     (no ring)
HPRegen 0.22/turn    (no ring)
MPRegen 0.07/turn

%: no passive effects
@: no status effects
A: sickness immunity, AC +2, negative energy resistance 1, electricity
resistance, torment resistance 1, petrification resistance
a: no special abilities


You were on level 1 of the Dungeon.
You visited 1 branch of the dungeon, and saw 1 of its levels.

Inventory:

Hand Weapons
 a - a +0 flail (weapon)
Armour
 b - a +0 scale mail (worn)
 c - a +0 buckler (worn)
Potions
 d - a potion of might


   Skills:
 + Level 3.3 Fighting
 + Level 2.1 Maces & Flails
 + Level 3.3 Armour
 + Level 3.4 Shields


You couldn't memorise any spells.
You didn't know any spells.
Your spell library was empty.

Dungeon Overview and Level Annotations

Branches:
Dungeon (1/15)

Altars:


Innate Abilities, Weirdness & Mutations

You are immune to sickness and miasma.
Your stone body is resilient. (AC +2)
You are immune to poison.
You resist negative energy. (rN+)
You are resistant to electric shocks. (rElec)
You are resistant to unholy torment.
You are immune to petrification.


Message History

You are too injured to fight recklessly!
You are too injured to fight recklessly!
You are too injured to fight recklessly!
You are too injured to fight recklessly!
You are too injured to fight recklessly!
You are too injured to fight recklessly!
You are too injured to fight recklessly!
You are too injured to fight recklessly!
You are too injured to fight recklessly!
You are too injured to fight recklessly!
You are too injured to fight recklessly!
You are too injured to fight recklessly!
You are too injured to fight recklessly!
You are too injured to fight recklessly!
You are too injured to fight recklessly!
You are too injured to fight recklessly!
The bat closely misses you. The goblin attacks as it pursues you!
You block the goblin's attack.
The goblin throws a stone.
The stone barely misses you. The bat hits you but does no damage. x2
The bat hits you but does no damage.
The endoplasm attacks as it pursues you!
You block the endoplasm's attack. The bat attacks as it pursues you!
The bat barely misses you. You block the bat's attack.
The endoplasm attacks as it pursues you!
The endoplasm barely misses you.
The endoplasm attacks as it pursues you!
You block the endoplasm's attack. The bat closely misses you.
The endoplasm attacks as it pursues you!
The endoplasm hits you.
You barely miss the endoplasm. The endoplasm freezes you.
You are frozen.
* * * LOW HITPOINT WARNING * * *
You barely miss the endoplasm. The endoplasm freezes you.
You are frozen.
You die...

~~~~~~~~~≈♣.#
#....#
♣≈♣≈♣♣♣≈♣~~.#
#....# ♣♣♣♣ ♣♣♣~..#
#.#### ....# #.#
###### #.# #.# #.#
#.# #@# #J#
####b########
##...g.#.....##
##.............##
..........[.......#
..................#
..#...............#
.
#.................#


You could see an endoplasm, a goblin and a bat.

Vanquished Creatures
  A quokka (D:1)
  2 rats (D:1)
3 creatures vanquished.

Notes
Turn   | Place    | Note
-------+----------+-------------------------------------------
     0 | D:1      | Dittersdorf the Gargoyle Fighter began the quest for the
                  | Orb.
     0 | D:1      | Reached XP level 1. HP: 14/14 MP: 1/1
    92 | D:1      | Frozen to death by an endoplasm

Illustrated notes

Levels and vault maps discovered:
D:1:      reono_arrival_forest_river, layout_rooms, serial_forest,
          infiniplex_forest_lined_3, infiniplex_forest_clump_cross,
          infiniplex_forest_straight_2, infiniplex_forest_pool,
          infiniplex_forest_straight_2, infiniplex_forest_straight_4,
          infiniplex_forest_corner_2, infiniplex_forest_lined_4_way,
          infiniplex_forest_lined_corner, corexii_corridor_pit

Action                     || total
---------------------------++-------
  Melee: Flail             ||    17
 Armour: Scale mail        ||    16
  Dodge: Dodged            ||    16
  Block: Buckler           ||    10

Table legend: (Time is in decaauts)
 A = Elapsed time spent in this place.
 B = Non-inter-level travel time spent in this place.
 C = Inter-level travel time spent in this place.
 D = Time resting spent in this place.
 E = Time spent auto-exploring this place.
 F = Levels seen in this place.
 G = Mean time per level.
                   A        B        C        D        E       F      G
               +--------+--------+--------+--------+--------+-----+--------+
         Total |    100 |    100 |      0 |      0 |     53 |   1 |  100.0 |
       Dungeon |    100 |    100 |      0 |      0 |     53 |   1 |  100.0 |
               +--------+--------+--------+--------+--------+-----+--------+

Top non-repeatable levels by time:
     D:1: 100 daAuts
